 Dungeon Crawl Stone Soup version 0.28-a0-773-g130ae17fe5 (webtiles) character file.

Game seed: 11201922489726621531

42 ders the Stinger (level 3, 0/25 HPs)
             Began as a Demonspawn Venom Mage on Nov 1, 2021.
             Succumbed to an adder's poison
             ... on level 2 of the Dungeon.
             The game lasted 00:05:19 (1942 turns).

ders the Stinger (Demonspawn Venom Mage)            Turns: 1942, Time: 00:05:20

Health: 0/25       AC:  2    Str:  8    XL:     3   Next: 35%
Magic:  5/6        EV: 12    Int: 17    God:
Gold:   125        SH:  0    Dex: 13    Spells: 1/6 levels left

rFire   . . .      SeeInvis .   b - +0 club
rCold   . . .      Faith    .   (no shield)
rNeg    . . .      Spirit   .   a - +0 robe
rPois   .          Reflect  .   (helmet restricted)
rElec   .          Harm     .   (no cloak)
rCorr   +          Rampage  .   (no gloves)
Will    .....                   (no boots)
Stlth   ++........              (no amulet)
HPRegen 0.08/turn               d - ring of resist corrosion
MPRegen 0.10/turn               (no ring)

@: lethally poisoned (0 -> -7)
A: antennae 1
a: no special abilities


You were on level 2 of the Dungeon.
You visited 1 branch of the dungeon, and saw 2 of its levels.

You collected 125 gold pieces.

Inventory:

Hand Weapons
 b - a +0 club (weapon)
Armour
 a - a +0 robe (worn)
Jewellery
 d - a ring of resist corrosion (left hand)
Scrolls
 e - a scroll of identify {unknown}


   Skills:
 + Level 0.4 Fighting
 - Level 1.9 Dodging
 + Level 2.1 Stealth
 * Level 2.4 Spellcasting
 * Level 1.5 Transmutations
 * Level 3.4 Poison Magic


You had one spell level left.
You knew the following spells:

 Your Spells              Type           Power      Damage    Failure   Level
a - Sting                 Tmut/Pois      40%        1d5       7%          1
b - Poisonous Vapours     Pois/Air       14%        N/A       14%         2
c - Blink                 Tloc           4%         N/A       28%         2

Your spell library contained the following spells:

 Spells                   Type           Power      Damage    Failure   Level
 Slow                     Hex            8%         N/A       19%         1
 Mephitic Cloud           Conj/Pois/Air  5%         N/A       34%         3
 Olgreb's Toxic Radiance  Pois           13%        N/A       41%         4
 Confusing Touch          Hex            2%         N/A       50%         3
 Lesser Beckoning         Tloc           2%         N/A       50%         3
 Vampiric Draining        Necr           2%         2d6       50%         3
 Manifold Assault         Tloc           2%         N/A       99%         5


Dungeon Overview and Level Annotations

Branches:
Dungeon (2/15)

Altars:

Shops:
D:1 [?


Innate Abilities, Weirdness & Mutations

You have a pair of small antennae on your head.


Message History

You barely miss the adder.
The adder is heavily wounded.
The adder bites you.
You are poisoned.
The adder poisons you! The adder barely misses you.
You closely miss the adder.
The adder is heavily wounded.
You feel very sick. The adder closely misses you. The adder barely misses you.
You completely miss the adder.
The adder is heavily wounded.
You feel sick. The adder bites you.
You are more poisoned.
The adder poisons you! The adder barely misses you.
You closely miss the adder.
The adder is heavily wounded.
You feel sick.
The adder looks more healthy.
The adder barely misses you.
You hit the adder but do no damage.
The adder is severely wounded.
You feel sick. The adder barely misses you. The adder bites you.
You hit the adder.
The adder is almost dead.
You feel sick. The adder bites you. x2
* * * LOW HITPOINT WARNING * * *
You are lethally poisoned!
The adder poisons you!
Casting: Sting (safe; 7% risk of failure)
Confirm with . or Enter, or press ? or * to list all spells.
Aiming: Sting (safe; 7% risk of failure)
Press: ? - help, Shift-Dir - straight line, f/p - adder
Aim: an adder (almost dead, 53% to hit)
The sting hits the adder.
The adder is poisoned.
You kill the adder!
* * * LOW HITPOINT WARNING * * *
You feel sick.
It was a potion of cancellation.
You feel magically purged.
* * * LOW HITPOINT WARNING * * *
You feel sick.
Found a spear.
You die...

....(..## ##..)..###
..# ##) .........+
... ... .........#
#.# ..## ###†...###
#.# ..... #....#
#.###....# #....#
####+#........
###...####.........#
........##......@.!#
##..#.#.##.........#
...................#
.##.....##.##....###
.....#..##.##.####
##.....###.....
.......# ##.#.##
##.##### #.### ##.#
..#


There were no monsters in sight!

Vanquished Creatures
  2 adders (D:2)
  3 endoplasms
  A goblin (D:1)
  5 hobgoblins (D:1)
  2 jackals (D:1)
  A quokka (D:2)
  A bat (D:1)
  2 frilled lizards (D:1)
  4 kobolds (D:1)
  2 rats (D:1)
23 creatures vanquished.

Notes
Turn   | Place    | Note
-------+----------+-------------------------------------------
     0 | D:1      | ders the Demonspawn Venom Mage began the quest for the Orb.
     0 | D:1      | Reached XP level 1. HP: 13/13 MP: 3/3
   205 | D:1      | Reached skill level 1 in Transmutations
   365 | D:1      | Found a faded altar of an unknown god.
   416 | D:1      | Gained mutation: You have a pair of small antennae on your
                  | head. [demonic ancestry]
   416 | D:1      | Reached XP level 2. HP: 4/19 MP: 5/5
   951 | D:1      | Learned a level 2 spell: Poisonous Vapours
   954 | D:1      | Learned a level 2 spell: Blink
  1212 | D:1      | Found Ishremm's Magic Scroll Shop.
  1218 | D:1      | Found Ymass's Antique Armour Shop.
  1797 | D:2      | Reached XP level 3. HP: 25/25 MP: 0/6
  1942 | D:2      | Succumbed to an adder's poison

Illustrated notes

Levels and vault maps discovered:
D:1:      dpeg_arrival_stonehenge_8_columns, layout_loops_ring, serial_shops,
          shop, shop_coins, shapermc_ecumenical_altar_totnotflames
D:2:      layout_basic, uniq_terence

Skill      XL: |  1  2 |
---------------+-------+-----
Transmutations | 1 |  1.5
Stealth        | 2 |  2.1
Fighting       | |  0.4
Dodging        | |  1.9
Spellcasting   | |  2.4
Poison Magic   | |  3.4

Action                   || total
-------------------------++-------
Melee: Club              ||    41
       Unarmed           ||     5
 Cast: Sting             ||    20
       Poisonous Vapours ||     5
  Use: Potion            ||     1
 Stab: Sleeping          ||     2
Armor: Robe              ||    10
Dodge: Dodged            ||    46

Table legend: (Time is in decaauts)
 A = Elapsed time spent in this place.
 B = Non-inter-level travel time spent in this place.
 C = Inter-level travel time spent in this place.
 D = Time resting spent in this place.
 E = Time spent auto-exploring this place.
 F = Levels seen in this place.
 G = Mean time per level.
                   A        B        C        D        E       F      G
               +--------+--------+--------+--------+--------+-----+--------+
         Total |   1953 |   1910 |     43 |    974 |    699 |   2 |  976.5 |
       Dungeon |   1953 |   1910 |     43 |    974 |    699 |   2 |  976.5 |
               +--------+--------+--------+--------+--------+-----+--------+

Top non-repeatable levels by time:
     D:1: 1541 daAuts
     D:2: 411 daAuts
